 Dungeon Crawl Stone Soup version 0.23-a0-143-g1adec7bb76 (webtiles) character file.

142 MirrMurr the Poker (level 5, -2/54 HPs)
             Began as an Octopode Berserker on Sept 4, 2018.
             Was a Believer of Trog.
             Slain by an adder (4 damage)
             ... on level 3 of the Dungeon.
             The game lasted 00:02:54 (1931 turns).

MirrMurr the Poker (Octopode Berserker)             Turns: 1931, Time: 00:02:55

Health: -2/54      AC:  1    Str: 21    XL:     5   Next: 24%
Magic:  5/5        EV: 12    Int:  9    God:    Trog [**....]
Gold:   115        SH:  8    Dex: 13    Spells: 4/4 levels left

rFire    . . .     SeeInvis .   a - +0 spear
rCold    . . .     Gourm    .   m - +0 shield
rNeg     . . .     Faith    .   (helmet restricted)
rPois    .         Spirit   .   (no amulet)
rElec    .         Reflect  .   (no ring)
rCorr    .         Harm     .   (no ring)
MR       .....                  (no ring)
Stlth    ..........             (no ring)
HPRegen  0.18/turn              (no ring)
MPRegen  0.09/turn              (no ring)
                                (no ring)
                                (no ring)

@: berserking, lethally poisoned (-2 -> -3), very quick
A: almost no armour, stealthy swim, amphibious, 8 rings, constrict 8, camouflage
1, gelatinous body 1
a: Berserk, Trog's Hand, Renounce Religion


You were on level 3 of the Dungeon.
You worshipped Trog.
Trog was pleased with you.
You were near starving.

You visited 1 branch of the dungeon, and saw 3 of its levels.

You collected 115 gold pieces.

Inventory:

Hand Weapons
 a - a +0 spear (weapon)
 f - a +0 hunting sling
 w - a +1 dagger of flaming
Missiles
 b - 119 stones (quivered)
 d - 19 bolts
 r - 26 sling bullets
 x - 16 poisoned needles
Armour
 m - a +0 shield (worn)
Jewellery
 i - a cursed amulet of inaccuracy {unknown}
Scrolls
 e - a scroll of enchant weapon {unknown}
 g - 4 scrolls of teleportation {unknown}
 j - 4 scrolls of identify {unknown}
 o - a scroll of amnesia {unknown}
 p - a scroll of magic mapping {unknown}
 q - a scroll of blinking {unknown}
 v - a scroll of immolation {unknown}
Potions
 h - a potion of lignification {unknown}
 k - 2 potions of curing {unknown}
 l - a potion of heal wounds {unknown}
 n - a potion of flight {unknown}
 s - a potion of might {unknown}
 t - a potion of experience {unknown}
 u - a potion of degeneration {unknown}
Comestibles
 c - 3 rations


   Skills:
 + Level 3.5 Fighting
 * Level 4.1 Polearms
 + Level 3.6 Dodging
 + Level 2.6 Stealth
 + Level 1.2 Shields


You had 4 spell levels left.
You didn't know any spells.
Your spell library was empty.

Dungeon Overview and Level Annotations

Branches:
Dungeon (3/15)

Altars:
Ru


Innate Abilities, Weirdness & Mutations

You cannot wear most types of armour.
You are very stealthy in the water. (Stealth+)
You are amphibious.
You can wear up to eight rings at the same time.
You can use your tentacles to constrict eight enemies at once.
Your skin changes colour to match your surroundings (Stealth+).
Your rubbery body absorbs attacks. (AC +1, EV +1)


Message History

You feel agile.
The centaur wields a shortbow.
The centaur shoots an arrow.
The arrow completely misses you. The leopard gecko barely misses you.
The orc barely misses you. The adder closely misses you.
You closely miss the adder. Your grab misses the adder.
Your squeeze misses the adder. The leopard gecko barely misses you.
The centaur shoots an arrow.
The arrow hits you! The adder bites you.
You are poisoned.
The adder poisons you!
Unknown command.
You puncture the adder! Your grab misses the adder.
The adder is severely wounded.
You feel sick. The orc hits you with a flail.
The centaur shoots an arrow.
The arrow hits you!
* * * LOW HITPOINT WARNING * * *
A magic dart appears from out of thin air!
The magic dart hits you!
* * * LOW HITPOINT WARNING * * *
The leopard gecko misses you. The adder bites you.
You die...

.. #.# #######
... ....... ..
.....#
#.#.....#
.o.....#
####Sl....#.
#.(.@)...c..
...).#)o.....##
##. .........#
##..#.......
..# ....... ...
.....## ...#
..##... .#..
#.. .##


You could see a centaur, an adder, 2 orcs and a leopard gecko.

Vanquished Creatures
  An orc priest (D:3)
  A hound zombie (D:2)
  6 adders (D:2)
  2 worms (D:2)
  2 dart slugs (D:1)
  2 leopard geckos
  An orc (D:3)
  A giant cockroach (D:2)
  4 goblins
  7 hobgoblins
  4 kobolds
  A ball python (D:2)
  A bat (D:1)
  A frilled lizard (D:1)
  2 rats
36 creatures vanquished.

Notes
Turn   | Place    | Note
-------+----------+-------------------------------------------
     0 | D:1      | MirrMurr the Octopode Berserker began the quest for the
                  | Orb.
     0 | D:1      | Reached XP level 1. HP: 16/16 MP: 1/1
   230 | D:1      | Reached XP level 2. HP: 19/21 MP: 2/2
   313 | D:1      | Reached skill level 1 in Stealth
   844 | D:2      | Reached XP level 3. HP: 14/26 MP: 3/3
  1187 | D:2      | Reached ** piety under Trog
  1274 | D:2      | Reached XP level 4. HP: 29/31 MP: 4/4
  1306 | D:2      | Found a sacrificial altar of Ru.
  1626 | D:2      | Reached skill level 1 in Shields
  1730 | D:2      | Reached skill level 4 in Polearms
  1925 | D:3      | Noticed a centaur
  1929 | D:3      | Reached XP level 5. HP: 36/36 MP: 5/5
  1931 | D:3      | HP: 2/54 [something/magic dart (10)]
  1931 | D:3      | Slain by an adder

Vault maps used:
D:1:      minmay_arrival_shattered_statue, kennysheep_another_room
D:2:      hangedman_ru_absence, kennysheep_generic_room_16
D:3:      okawaru_metal_pillars_1_2, nicolae_overflow_hidden_temple

Skill      XL: |  1  2  3  4 |
---------------+-------------+-----
Stealth        | 1 2 |  2.6
Shields        | 1 |  1.2
Polearms       | 4 |  4.1
Fighting       | |  3.5
Dodging        | |  3.6

Action                   |  1- 3 |  4- 6 || total
-------------------------+-------+-------++-------
Melee: Spear             |    61 |    29 ||    90
       Constrict         |    13 |     5 ||    18
       Tentacles         |     6 |     6 ||    12
Invok: Berserk           |       |     1 ||     1
 Stab: Sleeping          |    12 |     6 ||    18
       Distracted        |     1 |       ||     1
  Eat: Chunk             |     1 |     1 ||     2
Armor: Skin              |     1 |     2 ||     3
Dodge: Dodged            |    13 |    11 ||    24
Block: Shield            |     7 |     4 ||    11

Table legend:
 A = Non-vault XP
 B = Vault XP
 C = Vault XP percentage of total XP
 D = Non-vault monster count
 E = Vault monster count
 F = Vault count percentage of total count
                 A         B        C        D         E       F
            +---------+---------+-------+---------+---------+-------
      Total |     189 |      14 |   6.9 |      35 |       1 |   2.8
            +---------+---------+-------+---------+---------+-------
        D:1 |      26 |       0 |   0.0 |      12 |       0 |   0.0
        D:2 |     119 |      14 |  10.5 |      21 |       1 |   4.5
        D:3 |      44 |       0 |   0.0 |       2 |       0 |   0.0
            +---------+---------+-------+---------+---------+-------
